 Dungeon Crawl Stone Soup version 0.30-a0-652-gcc886f7154 (webtiles) character file.

Game seed: 3844044663805169484

3356 bmack86 the Cleaver (level 9, -2/80 HPs)
             Began as a Minotaur Fighter on Jan 17, 2023.
             Killed from afar by an orc wizard (7 damage)
             ... with a puff of flame
             ... on level 8 of the Dungeon.
             The game lasted 00:15:24 (5959 turns).

bmack86 the Cleaver (Minotaur Fighter)              Turns: 5959, Time: 00:15:24

Health: -2/80      AC: 15    Str: 25    XL:     9   Next: 73%
Magic:  8/8        EV:  9    Int:  5    God:
Gold:   369        SH: 11    Dex: 10    Spells: 8/8 levels left

rFire   . . .      SeeInvis .    a - +1 war axe
rCold   + . .      Faith    .    c - +1 buckler
rNeg    . . .      Spirit   .    v - +4 scale mail
rPois   .          Reflect  +    (helmet restricted)
rElec   .          Harm     .    e - +1 cloak
rCorr   .          Rampage  .    (no gloves)
Will    +....                    z - +0 pair of boots Stlth
                                 E - amulet of reflection
HPRegen 0.33/turn                i - ring of protection from cold
MPRegen 0.11/turn                j - ring of willpower

@: lethally poisoned (-2 -> -6), studying Axes
A: horns 2, retaliatory headbutt
a: no special abilities


You were on level 8 of the Dungeon.
You visited 2 branches of the dungeon, and saw 9 of its levels.

You collected 369 gold pieces.

Inventory:

Hand Weapons
 a - a +1 war axe (weapon)
 A - a +0 war axe
Missiles
 q - 6 poisoned darts (quivered)
 u - 2 boomerangs
Armour
 c - a +1 buckler (worn)
 e - a +1 cloak (worn)
 v - a +4 scale mail (worn)
 z - a +0 pair of boots (worn)
Jewellery
 f - a ring of positive energy
 i - a ring of protection from cold (left hand)
 j - a ring of willpower (right hand)
 n - a ring of protection from cold
 E - an amulet of reflection (around neck)
Wands
 o - a wand of polymorph (2)
 y - a wand of paralysis (2)
Scrolls
 l - 2 scrolls of vulnerability
 m - a scroll of fear
 s - 4 scrolls of teleportation
Potions
 b - a potion of invisibility {unknown}
 d - 2 potions of might
 g - 3 potions of lignification
 h - 2 potions of curing
 k - 3 potions of mutation {unknown}
 r - a potion of degeneration {unknown}
 w - a potion of haste {unknown}
 x - a potion of magic {unknown}
 C - a potion of attraction {unknown}
 D - a potion of ambrosia {unknown}
Miscellaneous
 p - a piece from Xom's chessboard (15/15)


   Skills:
 + Level 7.7 Fighting
 * Level 13.2 Axes
 + Level 5.2 Throwing
 + Level 7.7 Armour
 + Level 7.6 Shields


You had 8 spell levels left.
You didn't know any spells.
Your spell library contained the following spells:

 Spells                   Type           Power      Damage    Failure   Level
 Apportation              Tloc           0%         N/A       82%         1
 Beastly Appendage        Tmut           0%         N/A       82%         1
 Kiss of Death            Conj/Necr      0%         2d5       82%         1
 Sandblast                Erth           0%         2d4       82%         1
 Ensorcelled Hibernation  Hex/Ice        0%         N/A       91%         2
 Wereblood                Tmut           0%         N/A       91%         2
 Inner Flame              Hex/Fire       0%         N/A       99%         3
 Spider Form              Tmut/Pois      0%         N/A       99%         3
 Anguish                  Hex/Necr       0%         N/A       100%        4
 Flame Wave               Conj/Fire      0%         2d4       100%        4
 Fulminant Prism          Conj/Hex       0%         3d5       100%        4
 Sticky Flame             Conj/Fire      0%         2d3       100%        4
 Alistair's Intoxication  Tmut/Pois      0%         N/A       100%        5


Dungeon Overview and Level Annotations

Branches:
Dungeon (8/15)             Temple (1/1) D:5
   Lair: D:8-11

Altars:
Ashenzari
Cheibriados
Dithmenos
Elyvilon
Fedhas
Gozag
Hepliaklqana
Kikubaaqudgha
Makhleb
Nemelex Xobeh
Qazlal
Ru
Sif Muna
Trog
Uskayaw
Wu Jian
Xom
Yredelemnul
Zin
The Shining One

Shops:
D:4 (

Annotations:
D:5 1 runed translucent door, Crazy Yiuf


Innate Abilities, Weirdness & Mutations

You have a pair of horns on your head.
You reflexively headbutt those who attack you in melee.


Message History

The orc wizard hits you with a +0 dagger.
The orc priest calls down the wrath of Beogh upon you.
Beogh smites you!
You hit the orc priest but do no damage.
The orc priest is almost dead.
You miss the killer bee. You hit the orc wizard. You miss the killer bee.
The killer bee stings you but does no damage.
The killer bee closely misses you. You furiously retaliate!
You headbutt the killer bee. The killer bee stings you!
* * * LOW HITPOINT WARNING * * *
You are poisoned.
The killer bee poisons you! You block the orc wizard's attack.
The orc priest invokes the aid of Beogh against you.
Beogh smites you!
* * * LOW HITPOINT WARNING * * *
You slash the orc priest!
You kill the orc priest!
You hit the killer bee but do no damage.
You closely miss the killer bee.
You hit the orc wizard but do no damage.
You barely miss the killer bee.
You feel sick. You block the killer bee's attack. x2
The killer bee stings you but does no damage. x3
You block the killer bee's attack. x2; The killer bee barely misses you.
The orc wizard barely misses you.
You closely miss the killer bee. You slash the killer bee!
You kill the killer bee!
You slash the killer bee! You hit the killer bee.
You closely miss the orc wizard. You miss the killer bee.
You feel sick. You block the killer bee's attack.
The killer bee stings you but does no damage.
The killer bee stings you.
* * * LOW HITPOINT WARNING * * *
You block the killer bee's attack.
The killer bee stings you but does no damage.
You block the killer bee's attack. The killer bee completely misses you.
You block the killer bee's attack.
The orc wizard gestures at you while chanting.
The puff of flame hits you!
You die...

....#.### ... ......#.#
... ......... ..# #≈
........##.. ≈≈≈
.........#.##≈#≈≈≈≈
...........#≈≈≈≈≈≈ ≈
.>....y.#..≈≈≈≈≈≈ ≈≈
##...o@...## #≈#≈≈# ..
......yyy...# ≈≈≈≈≈#...
......S))...##≈≈≈#~#...
..............####.....
........................
...........#............
........................
...........#............
.....#..###............


You could see a water moccasin, 4 killer bees and an orc wizard.

Vanquished Creatures
  A two-headed ogre (D:5)
  A steam dragon (D:7)
  A water moccasin (D:7)
  An orc warrior (D:7)
  An ice beast (D:7)
  A sky beast (D:7)
  An ogre (D:5)
  2 centaurs (D:6)
  3 phantoms (D:5)
  A bullfrog (D:7)
  3 necrophages (D:5)
  5 scorpions
  A wight (D:7)
  2 howler monkeys (D:5)
  A killer bee (D:8)
  11 hounds
  A jelly (D:7)
  5 orc priests
  2 gnoll boudas
  3 iguanas
  5 orc wizards
  17 gnolls
  7 adders
  3 shadow imps (D:5)
  An ufetubus (D:5)
  3 worms
  3 dart slugs
  25 orcs
  6 endoplasms
  2 giant cockroaches (D:3)
  9 goblins
  A hobgoblin (D:2)
  4 jackals (D:1)
  5 quokkas
  4 ball pythons
  3 bats (D:1)
  4 frilled lizards
  6 kobolds
  3 rats
  2 butterflies (D:3)
160 creatures vanquished.

Vanquished Creatures (others)
  A wizard (D:4)
  2 fungi (D:5)
3 creatures vanquished.

Grand Total: 163 creatures vanquished

Notes
Turn   | Place    | Note
-------+----------+-------------------------------------------
     0 | D:1      | bmack86 the Minotaur Fighter began the quest for the Orb.
     0 | D:1      | Reached XP level 1. HP: 19/19 MP: 0/0
   221 | D:1      | Reached XP level 2. HP: 27/27 MP: 1/1
   370 | D:1      | Reached skill level 3 in Axes
   723 | D:1      | Reached XP level 3. HP: 33/33 MP: 2/2
   943 | D:2      | Found a faded altar of an unknown god.
  1584 | D:3      | Found an ancient bone altar of Kikubaaqudgha.
  1611 | D:3      | Got the Folio of Damage and Talus
  1626 | D:3      | Reached XP level 4. HP: 40/40 MP: 3/3
  1855 | D:3      | Found a shimmering altar of Xom.
  1918 | D:3      | Found a shadowy altar of Dithmenos.
  1925 | D:3      | Found a glowing golden altar of the Shining One.
  1927 | D:3      | Found a snail-covered altar of Cheibriados.
  1928 | D:3      | Found a white marble altar of Elyvilon.
  1934 | D:3      | Found a broken altar of Ashenzari.
  1935 | D:3      | Found a hazy altar of Hepliaklqana.
  2101 | D:3      | Identified the +0 leather armour "Amadghaz" {rElec Will+
                  | Dex+3}
  2110 | D:3      | Reached skill level 4 in Axes
  2315 | D:4      | Found Sekhlimu's Weapon Emporium.
  2434 | D:4      | Reached XP level 5. HP: 35/47 MP: 4/4
  2436 | D:4      | Reached skill level 1 in Throwing
  2811 | D:4      | Found a bloodstained altar of Trog.
  2814 | D:4      | Noticed a wizard
  2820 | D:4      | Killed a wizard
  3190 | D:5      | Entered Level 5 of the Dungeon
  3193 | D:5      | Identified a scroll of acquirement
  3193 | D:5      | Acquired a manual of Axes
  3195 | D:5      | Found a basalt altar of Yredelemnul.
  3201 | D:5      | Reached skill level 5 in Axes
  3201 | D:5      | Reached XP level 6. HP: 53/53 MP: 5/5
  3214 | D:5      | Reached skill level 5 in Fighting
  3214 | D:5      | Reached skill level 5 in Shields
  3221 | D:5      | Reached skill level 6 in Axes
  3221 | D:5      | Reached skill level 5 in Armour
  3223 | D:5      | Reached XP level 7. HP: 27/61 MP: 6/6
  3414 | D:5      | You fall into a shaft and drop 1 floor!
  3414 | D:6      | Found a glowing silver altar of Zin.
  3471 | D:6      | Found a sacrificial altar of Ru.
  3593 | D:5      | Reached skill level 7 in Axes
  3816 | D:5      | Found a runed translucent door.
  3816 | D:5      | Noticed Crazy Yiuf
  3875 | D:5      | Found a staircase to the Ecumenical Temple.
  3886 | Temple   | Entered the Ecumenical Temple
  4063 | D:5      | Reached skill level 8 in Axes
  4079 | D:5      | Reached XP level 8. HP: 45/70 MP: 7/7
  4085 | D:5      | Reached skill level 9 in Axes
  4219 | D:5      | Noticed a two-headed ogre
  4224 | D:5      | Killed a two-headed ogre
  4225 | D:5      | Reached skill level 10 in Axes
  4371 | D:5      | Reached skill level 11 in Axes
  4383 | D:5      | Reached XP level 9. HP: 61/78 MP: 8/8
  5238 | D:7      | Reached skill level 12 in Axes
  5381 | D:7      | Found a blossoming altar of Fedhas.
  5475 | D:7      | Reached skill level 5 in Throwing
  5477 | D:7      | Found an ornate altar of the Wu Jian Council.
  5551 | D:7      | Reached skill level 13 in Axes
  5959 | D:8      | Killed from afar by an orc wizard

Illustrated notes

Levels and vault maps discovered:
D:1:      minmay_arrival_five_plusses, layout_basic
D:2:      layout_basic, shapermc_ecumenical_altar_starsandcircs
D:3:      layout_basic, nicolae_overflow_hallway_of_the_gods, xom_butterflies,
          chequers_serial_rivers_small_a, minivault_25
D:4:      layout_cave_pods, trog_wizard, serial_shops, nicolae_stop_n_shop_2
D:5:      kennysheep_windowed_halls, layout_gridville, amcnicky_altar_gilded,
          temple_fountains, uniq_crazy_yiuf_cottage
D:6:      layout_rooms, nicolae_ru_sacrificial_ziggurat, zin_scriptorium,
          kennysheep_crisscross
D:7:      minmay_angry_zag, layout_rooms, fedhas_altar_1,
          nicolae_overflow_hidden_temple
D:8:      layout_cave_pools, kennysheep_mini_moat, nicolae_specific_store,
          minivault_4, nicolae_zen_rock_garden
Temple:   nicolae_temple_two_arcs

Skill      XL: |  1  2  3  4  5  6  7  8  9 |
---------------+----------------------------+-----
Axes           | 3 4 5 6 8 11 13 | 13.2
Armour         | 4 5 6 7 |  7.7
Fighting       | 4 5 6 7 |  7.7
Shields        | 4 5 6 7 |  7.6
Throwing       | 1 2 3 4 5 |  5.2

Action                   |  1- 3 |  4- 6 |  7- 9 || total
-------------------------+-------+-------+-------++-------
Melee: War axe           |    86 |    76 |   218 ||   380
       Headbutt          |    11 |    10 |    45 ||    66
  Use: Scroll            |     6 |     4 |     3 ||    13
Armor: Chain mail        |    65 |    34 |       ||    99
       Scale mail        |     1 |    14 |   148 ||   163
Dodge: Dodged            |    33 |    45 |   111 ||   189
Block: Buckler           |    28 |    32 |   110 ||   170

Table legend: (Time is in decaauts)
 A = Elapsed time spent in this place.
 B = Non-inter-level travel time spent in this place.
 C = Inter-level travel time spent in this place.
 D = Time resting spent in this place.
 E = Time spent auto-exploring this place.
 F = Levels seen in this place.
 G = Mean time per level.
                   A        B        C        D        E       F      G
               +--------+--------+--------+--------+--------+-----+--------+
         Total |   6023 |   5855 |    168 |    555 |   3623 |   9 |  669.2 |
       Dungeon |   5905 |   5743 |    162 |    555 |   3517 |   8 |  738.1 |
        Temple |    117 |    111 |      6 |      0 |    106 |   1 |  117.0 |
               +--------+--------+--------+--------+--------+-----+--------+

Top non-repeatable levels by time:
     D:5: 1318 daAuts
     D:4: 881 daAuts
     D:1: 825 daAuts
     D:3: 776 daAuts
     D:2: 761 daAuts
     D:7: 730 daAuts
     D:6: 575 daAuts
  Temple: 117 daAuts
     D:8: 35 daAuts
